[ PARTIDA AOE2 · #490514433 ]
1v1 RMBereberes vs Magyars
Equipo del jugador · VICT
Equipo rival · DERR
[ ANÁLISIS DE REPETICIÓN · EXTRAÍDO DE LA PARTIDA GRABADA ]
Feudal
7:11
Castillos
10:43
Imperial
23:58
| APM promedio | 39.3 |
| APM pico | 67 |
| eAPM promedio | 22.3 |
| Aldeanos / militares | 403 / 2175 |
Foco
⚔️ 59.2% · 🌾 40.8%
Scout Cavalry ×1957 · Camel Archer ×190 · Trebuchet (Packed) ×18 · Bombard Cannon ×7 · Monk ×3
Feudal
7:11
Castillos
10:41
Imperial
25:29
| APM promedio | 62.0 |
| APM pico | 118 |
| eAPM promedio | 37.4 |
| Aldeanos / militares | 318 / 3208 |
Foco
⚔️ 54.2% · 🌾 45.8%
Scout Cavalry ×1393 · Magyar Huszar ×1100 · Skirmisher ×461 · Cavalry Archer ×131 · Spearman ×92 · Trebuchet (Packed) ×17
Mapa de la partida
Recursos iniciales + cada clic de construcción. Líneas = muros · curvas = relieve. ◆ oro · ⬟ piedra · ● bayas · ✦ reliquia · ◌ hueco del cierre
Tu base· ✓ Cerrada en 10:43 · 0t muro · 6 puerta(s)
Base de Dooidy· ✓ Cerrada en 10:41 · 0t muro · 6 puerta(s)
Terreno inicial suavizado · ◌ = hueco del cierre detectado · pasá el cursor para detalles
Inputs por minuto
— NOC | Target331 - - Dooidy
Build order — NOC | Target331
Primeras 150 de 1088 acciones detectadas
| 0:00 | Crear | Villager (Male) |
| 0:01 | Crear | Villager (Male) |
| 0:04 | Construir | Lumber Camp |
| 0:18 | Crear | Villager (Male) |
| 0:45 | Crear | Villager (Male) |
| 0:59 | Construir | Mill |
| 1:12 | Crear | Villager (Male) |
| 1:57 | Crear | Villager (Male) |
| 1:57 | Crear | Villager (Male) |
| 1:57 | Crear | Villager (Male) |
| 2:27 | Crear | Villager (Male) |
| 2:49 | Crear | Villager (Male) |
| 3:03 | Crear | Villager (Male) |
| 3:25 | Crear | Villager (Male) |
| 3:48 | Construir | Mining Camp |
| 4:36 | Construir | Farm |
| 4:43 | Construir | Farm |
| 4:44 | Investigar | Feudal Age |
| 4:51 | Crear | Villager (Male) |
| 4:58 | Crear | Villager (Male) |
| 7:11 | Edad | Edad Feudal |
| 7:11 | Construir | Market |
| 7:13 | Construir | Blacksmith |
| 8:03 | Investigar | Castle Age |
| 8:45 | Investigar | Double-Bit Axe |
| 9:04 | Investigar | Horse Collar |
| 9:24 | Crear | Villager (Male) |
| 10:43 | Edad | Edad de los Castillos |
| 10:45 | Construir | Monastery |
| 10:53 | Construir | Town Center |
| 10:56 | Investigar | Bow Saw |
| 10:57 | Crear | Villager (Male) |
| 11:00 | Crear | Villager (Male) |
| 11:00 | Crear | Villager (Male) |
| 11:01 | Crear | Villager (Male) |
| 11:23 | Construir | Town Center |
| 11:32 | Crear | Monk |
| 11:42 | Construir | Farm |
| 11:55 | Crear | Monk |
| 12:08 | Construir | Farm |
| 12:15 | Construir | Farm |
| 12:17 | Crear | Villager (Male) |
| 12:36 | Crear | Villager (Male) |
| 12:39 | Crear | Camel Archer |
| 12:39 | Crear | Camel Archer |
| 12:51 | Crear | Villager (Male) |
| 12:52 | Crear | Villager (Male) |
| 12:55 | Construir | Farm |
| 13:07 | Crear | Villager (Male) |
| 13:09 | Crear | Villager (Male) |
| 13:11 | Crear | Camel Archer |
| 13:13 | Construir | Farm |
| 13:16 | Construir | Farm |
| 13:23 | Crear | Villager (Male) ×2 |
| 13:43 | Crear | Villager (Male) |
| 13:46 | Construir | Farm |
| 13:48 | Construir | Farm |
| 13:50 | Crear | Villager (Male) |
| 13:52 | Construir | Farm |
| 13:54 | Construir | Farm |
| 13:58 | Construir | Farm |
| 14:00 | Crear | Villager (Male) |
| 14:08 | Construir | Farm |
| 14:09 | Crear | Villager (Male) |
| 14:11 | Construir | Farm |
| 14:21 | Crear | Camel Archer |
| 14:24 | Crear | Villager (Male) |
| 14:26 | Crear | Camel Archer |
| 14:43 | Crear | Villager (Male) |
| 14:44 | Crear | Villager (Male) |
| 14:47 | Construir | Farm |
| 14:49 | Construir | Farm |
| 14:55 | Construir | Farm |
| 14:56 | Crear | Villager (Male) |
| 14:58 | Construir | House |
| 14:59 | Construir | House |
| 14:59 | Construir | House |
| 15:02 | Crear | Villager (Male) |
| 15:10 | Crear | Villager (Male) |
| 15:22 | Construir | Farm |
| 15:23 | Construir | Farm |
| 15:24 | Crear | Villager (Male) |
| 15:30 | Construir | House |
| 15:31 | Construir | House |
| 15:34 | Crear | Villager (Male) |
| 15:34 | Crear | Villager (Male) |
| 15:41 | Crear | Villager (Male) |
| 15:43 | Construir | Farm |
| 15:55 | Construir | Town Center |
| 15:59 | Crear | Villager (Male) |
| 16:00 | Crear | Villager (Male) |
| 16:00 | Crear | Villager (Male) |
| 16:09 | Crear | Villager (Male) |
| 16:22 | Construir | Farm |
| 16:25 | Construir | Farm |
| 16:27 | Construir | Farm |
| 16:27 | Crear | Villager (Male) |
| 16:28 | Crear | Villager (Male) |
| 16:28 | Crear | Villager (Male) |
| 16:31 | Construir | Farm |
| 16:32 | Crear | Villager (Male) |
| 16:37 | Construir | House |
| 16:39 | Construir | House |
| 16:42 | Crear | Villager (Male) |
| 16:49 | Crear | Villager (Male) |
| 16:54 | Crear | Villager (Male) |
| 17:05 | Construir | Mining Camp |
| 17:12 | Investigar | Wheelbarrow |
| 17:13 | Crear | Villager (Male) |
| 17:17 | Crear | Villager (Male) |
| 17:26 | Crear | Villager (Male) |
| 17:29 | Construir | Farm |
| 17:31 | Construir | Farm |
| 17:32 | Construir | Farm |
| 17:33 | Construir | Farm |
| 17:37 | Crear | Villager (Male) |
| 17:43 | Construir | Farm |
| 17:46 | Construir | Farm |
| 17:47 | Crear | Villager (Male) |
| 17:47 | Crear | Villager (Male) |
| 17:47 | Crear | Villager (Male) |
| 17:53 | Construir | Mill |
| 17:55 | Construir | Farm |
| 17:56 | Construir | Farm |
| 18:09 | Crear | Monk |
| 18:11 | Crear | Villager (Male) |
| 18:12 | Crear | Villager (Male) |
| 18:12 | Crear | Villager (Male) |
| 18:16 | Construir | Farm |
| 18:17 | Construir | Farm |
| 18:18 | Construir | Farm |
| 18:27 | Crear | Villager (Male) |
| 18:27 | Crear | Villager (Male) |
| 18:27 | Crear | Villager (Male) |
| 18:48 | Construir | Farm |
| 18:50 | Construir | Farm |
| 18:53 | Construir | Farm |
| 18:55 | Construir | Farm |
| 18:58 | Construir | Farm |
| 19:01 | Construir | Farm |
| 19:04 | Crear | Villager (Male) |
| 19:04 | Crear | Villager (Male) |
| 19:09 | Investigar | Hand Cart |
| 19:10 | Crear | Villager (Male) |
| 19:10 | Crear | Villager (Male) |
| 19:11 | Crear | Villager (Male) |
| 19:19 | Crear | Villager (Male) |
| 19:21 | Crear | Villager (Male) |
| 19:31 | Crear | Villager (Male) |
| 19:32 | Crear | Villager (Male) |
Build order — Dooidy
Primeras 150 de 1704 acciones detectadas
| 0:01 | Crear | Villager (Male) ×4 |
| 0:11 | Construir | Lumber Camp |
| 0:15 | Construir | Mill |
| 1:20 | Crear | Villager (Male) |
| 1:49 | Crear | Villager (Male) |
| 1:50 | Crear | Villager (Male) |
| 1:51 | Crear | Villager (Male) |
| 1:51 | Crear | Villager (Male) |
| 3:09 | Crear | Villager (Male) |
| 3:09 | Crear | Villager (Male) |
| 3:09 | Crear | Villager (Male) |
| 3:36 | Construir | Farm |
| 3:48 | Construir | Farm |
| 4:24 | Crear | Villager (Male) |
| 4:51 | Investigar | Feudal Age |
| 5:10 | Construir | Mining Camp |
| 5:52 | Construir | Farm |
| 6:57 | Crear | Villager (Male) |
| 6:57 | Crear | Villager (Male) |
| 7:11 | Edad | Edad Feudal |
| 7:13 | Construir | Market |
| 7:17 | Construir | Blacksmith |
| 8:00 | Investigar | Castle Age |
| 8:00 | Investigar | Castle Age |
| 8:02 | Investigar | Double-Bit Axe |
| 8:02 | Investigar | Double-Bit Axe |
| 8:28 | Investigar | Horse Collar |
| 10:24 | Crear | Villager (Male) |
| 10:41 | Edad | Edad de los Castillos |
| 10:46 | Construir | Town Center |
| 10:52 | Construir | Town Center |
| 11:02 | Crear | Villager (Male) |
| 11:05 | Investigar | Bow Saw |
| 11:28 | Crear | Villager (Male) |
| 11:36 | Construir | Farm |
| 11:45 | Construir | Farm |
| 11:50 | Crear | Villager (Male) |
| 12:01 | Construir | Farm |
| 12:03 | Crear | Villager (Male) |
| 12:16 | Crear | Villager (Male) |
| 12:21 | Construir | Farm |
| 12:25 | Crear | Villager (Male) |
| 12:26 | Crear | Villager (Male) |
| 12:36 | Crear | Villager (Male) |
| 12:36 | Crear | Villager (Male) |
| 12:49 | Construir | Farm |
| 12:54 | Construir | Farm |
| 12:59 | Construir | Farm |
| 13:01 | Crear | Villager (Male) |
| 13:09 | Crear | Villager (Male) |
| 13:10 | Construir | Farm |
| 13:12 | Crear | Villager (Male) |
| 13:15 | Crear | Villager (Male) |
| 13:15 | Crear | Villager (Male) |
| 13:15 | Crear | Villager (Male) |
| 13:16 | Crear | Villager (Male) |
| 13:19 | Construir | Farm |
| 13:26 | Construir | Farm |
| 13:30 | Construir | House |
| 13:39 | Construir | Farm |
| 13:42 | Construir | Farm |
| 13:59 | Construir | Farm |
| 14:00 | Crear | Villager (Male) |
| 14:00 | Crear | Villager (Male) |
| 14:00 | Crear | Villager (Male) |
| 14:00 | Crear | Villager (Male) |
| 14:07 | Construir | Farm |
| 14:09 | Construir | House |
| 14:11 | Crear | Villager (Male) |
| 14:14 | Construir | Farm |
| 14:16 | Crear | Villager (Male) |
| 14:24 | Crear | Villager (Male) |
| 14:24 | Crear | Villager (Male) |
| 14:40 | Construir | House |
| 14:41 | Construir | House |
| 14:48 | Crear | Villager (Male) |
| 14:51 | Crear | Villager (Male) |
| 14:52 | Crear | Villager (Male) |
| 15:02 | Construir | Farm |
| 15:04 | Construir | Farm |
| 15:08 | Crear | Villager (Male) |
| 15:18 | Construir | Lumber Camp |
| 15:20 | Crear | Villager (Male) |
| 15:21 | Crear | Villager (Male) |
| 15:24 | Crear | Villager (Male) |
| 15:40 | Construir | Town Center |
| 15:46 | Crear | Villager (Male) |
| 15:46 | Crear | Villager (Male) |
| 15:49 | Construir | Farm |
| 15:52 | Construir | Farm |
| 15:55 | Crear | Villager (Male) |
| 16:02 | Crear | Villager (Male) |
| 16:02 | Crear | Villager (Male) |
| 16:11 | Construir | Lumber Camp |
| 16:20 | Crear | Villager (Male) |
| 16:20 | Crear | Villager (Male) |
| 16:20 | Crear | Villager (Male) |
| 16:24 | Construir | Farm |
| 16:27 | Construir | Farm |
| 16:29 | Construir | Farm |
| 16:33 | Construir | House |
| 16:41 | Investigar | Heavy Plow |
| 16:43 | Crear | Villager (Male) |
| 16:52 | Crear | Villager (Male) |
| 16:57 | Crear | Villager (Male) |
| 17:07 | Crear | Villager (Male) |
| 17:14 | Construir | Farm |
| 17:15 | Construir | Farm |
| 17:19 | Crear | Villager (Male) |
| 17:19 | Crear | Villager (Male) |
| 17:19 | Crear | Villager (Male) |
| 17:22 | Construir | House |
| 17:23 | Construir | House |
| 17:28 | Crear | Villager (Male) |
| 17:30 | Crear | Villager (Male) |
| 17:34 | Construir | Farm |
| 17:37 | Crear | Villager (Male) |
| 17:38 | Construir | Farm |
| 17:48 | Construir | Farm |
| 17:49 | Crear | Villager (Male) |
| 17:51 | Construir | Farm |
| 17:53 | Crear | Villager (Male) |
| 17:58 | Crear | Villager (Male) |
| 17:59 | Crear | Villager (Male) |
| 18:08 | Crear | Villager (Male) |
| 18:16 | Construir | Town Center |
| 18:24 | Crear | Villager (Male) |
| 18:24 | Crear | Villager (Male) |
| 18:25 | Crear | Villager (Male) |
| 18:28 | Construir | University |
| 18:29 | Crear | Villager (Male) |
| 18:36 | Construir | Farm |
| 18:37 | Construir | Farm |
| 18:38 | Investigar | Gold Mining |
| 18:39 | Investigar | Gold Mining |
| 18:40 | Crear | Villager (Male) |
| 18:44 | Construir | Farm |
| 18:49 | Crear | Villager (Male) |
| 18:51 | Construir | Mill |
| 18:56 | Crear | Villager (Male) |
| 18:58 | Crear | Villager (Male) |
| 19:08 | Crear | Villager (Male) |
| 19:10 | Crear | Villager (Male) |
| 19:17 | Construir | Farm |
| 19:18 | Construir | Farm |
| 19:19 | Investigar | Treadmill Crane |
| 19:21 | Crear | Villager (Male) |
| 19:24 | Construir | Farm |
| 19:24 | Construir | Farm |
| 19:25 | Construir | Farm |
Cronología de la partida
| 7:11 | NOC | Target331 · age_up feudal |
| 7:11 | Dooidy · age_up feudal |
| 7:57 | NOC | Target331 · first_market_buy 100 food |
| 10:41 | Dooidy · age_up castle |
| 10:43 | NOC | Target331 · age_up castle |
| 10:45 | NOC | Target331 · first_building Monastery |
| 20:47 | NOC | Target331 · first_market_sell 100 wood |
| 20:57 | NOC | Target331 · first_building Stable |
| 21:54 | NOC | Target331 · first_building Archery Range |
| 22:48 | Dooidy · first_building Stable |
| 23:58 | NOC | Target331 · age_up imperial |
| 24:34 | NOC | Target331 · first_building Castle |
| 24:43 | Dooidy · first_building Castle |
| 25:29 | Dooidy · age_up imperial |
| 26:01 | NOC | Target331 · first_building Siege Workshop |
| 27:01 | Dooidy · first_building Siege Workshop |
| 29:37 | NOC | Target331 · wall_segment Stone Wall x1 |
| 29:38 | NOC | Target331 · wall_segment Stone Wall x1 |
| 29:40 | NOC | Target331 · wall_segment Stone Wall x1 |
| 34:13 | Dooidy · first_building Archery Range |
| 38:58 | NOC | Target331 · wall_segment Palisade Wall x1 |
| 40:56 | Dooidy · first_market_sell 500 food |
| 43:55 | NOC | Target331 · wall_segment Stone Wall x7 |
| 43:57 | NOC | Target331 · wall_segment Stone Wall x1 |
| 43:57 | NOC | Target331 · wall_segment Stone Wall x1 |
| 44:13 | Dooidy · first_market_buy 100 stone |
| 57:54 | Dooidy · wall_segment Palisade Wall x1 |
| 60:36 | Dooidy · wall_segment Palisade Wall x1 |
| 62:10 | NOC | Target331 · wall_segment Stone Wall x1 |
| 62:12 | NOC | Target331 · wall_segment Stone Wall x3 |
| 62:15 | NOC | Target331 · wall_segment Stone Wall x5 |
| 87:54 | Dooidy · first_building Barracks |
| 88:39 | NOC | Target331 · wall_segment Stone Wall x19 |
| 91:32 | NOC | Target331 · wall_segment Stone Wall x3 |
| 104:20 | Dooidy · wall_segment Palisade Wall x12 |
| 113:56 | Dooidy · resign |
[ ANÁLISIS IA · 1 CRÉDITO ]
¿Qué pasó realmente en esta partida?
Wolo.gg analiza cada decisión: build order, eco, micro, errores típicos por bracket. Análisis personalizado por WhatsApp o Discord en 30 segundos.
Guía civ
Bereberes
Guía mapa
Fortress
Perfil
Target331